2820 views
Uploaded 2019-12-17 21:22:06
Game version 1.32.0.4
25:41 long 2on2 ladder game on (4)HillsbradCreek
Saved by BEARAND
2820 views
Uploaded 2019-12-17 21:22:06
Game version 1.32.0.4
25:41 long 2on2 ladder game on (4)HillsbradCreek


50 units @ 5k
/ 0.5k
138 buildings @ 12.1k
/ 7.3k


| Healing Salve | 6 | 600 |
| Lesser Clarity Potion | 9 | 630 |
| Orb of Lightning | 2 | 750 |
| Staff of Teleportation | 2 | 300 |
| Boots of Speed | 2 | 500 |
| Staff of Sanctuary | 2 | 500 |
| total: | 23 | 3280g |
| Peon | 17 | 1275 | / | 0 |
| Troll Batrider | 13 | 2080 | / | 520 |
| total: | 30 | 3355g | / | 520w |
| Watch Tower | 54 | 5940 | / | 4320 |
| Altar of Storms | 1 | 180 | / | 50 |
| Orc Burrow | 3 | 480 | / | 120 |
| Voodoo Lounge | 2 | 260 | / | 60 |
| War Mill | 1 | 205 | / | 0 |
| Great Hall | 3 | 1155 | / | 555 |
| Beastiary | 1 | 145 | / | 140 |
| Stronghold | 1 | 315 | / | 190 |
| Fortress | 1 | 325 | / | 190 |
| total: | 65 | 8365g | / | 5245w |
| 0:05 | Peon |
| 0:05 | Peon |
| 0:08 | Altar of Storms |
| 0:13 | Orc Burrow |
| 0:25 | Peon |
| 0:44 | Voodoo Lounge |
| 0:45 | Peon |
| 0:53 | Peon |
| 4:02 | Peon |
| 4:02 | Peon |
| 4:09 | Peon |
| 4:24 | War Mill |
| 4:33 | Peon |
| 4:46 | Orc Burrow |
| 4:54 | Peon |
| 5:04 | Wind Walk |
| 5:09 | Healing Salve |
| 5:09 | Lesser Clarity Potion |
| 5:17 | Peon |
| 5:17 | Peon |
| 5:36 | Watch Tower |
| 5:37 | Watch Tower |
| 6:26 | Voodoo Lounge |
| 6:41 | Watch Tower |
| 6:42 | Watch Tower |
| 6:43 | Peon |
| 6:43 | Peon |
| 6:43 | Peon |
| 6:58 | Staff of Teleportation |
| 7:00 | Boots of Speed |
| 7:12 | Peon |
| 7:41 | Stronghold |
| 7:58 | Watch Tower |
| 8:02 | Spiked Barricades |
| 8:06 | Watch Tower |
| 8:07 | Watch Tower |
| 9:03 | Critical Strike |
| 9:08 | Lesser Clarity Potion |
| 9:14 | Watch Tower |
| 9:14 | Watch Tower |
| 10:30 | Fortress |
| 10:45 | Healing Salve |
| 10:45 | Lesser Clarity Potion |
| 10:59 | Hex |
| 11:35 | Staff of Teleportation |
| 11:35 | Boots of Speed |
| 11:59 | Beastiary |
| 12:21 | Orc Burrow |
| 12:32 | Great Hall |
| 12:36 | Watch Tower |
| 12:37 | Watch Tower |
| 12:37 | Watch Tower |
| 12:38 | Watch Tower |
| 12:54 | Wind Walk |
| 12:59 | Reinforced Defenses |
| 13:05 | Healing Wave |
| 13:14 | Orb of Lightning |
| 13:19 | Watch Tower |
| 13:24 | Watch Tower |
| 13:25 | Watch Tower |
| 13:46 | Watch Tower |
| 13:47 | Watch Tower |
| 13:48 | Watch Tower |
| 13:48 | Watch Tower |
| 14:46 | Watch Tower |
| 14:47 | Watch Tower |
| 14:48 | Watch Tower |
| 14:52 | Watch Tower |
| 14:52 | Watch Tower |
| 14:53 | Watch Tower |
| 15:02 | Healing Salve |
| 15:06 | Healing Salve |
| 15:06 | Lesser Clarity Potion |
| 15:13 | Watch Tower |
| 15:24 | Peon |
| 15:38 | Troll Batrider |
| 15:38 | Troll Batrider |
| 16:05 | Watch Tower |
| 16:46 | Troll Batrider |
| 16:46 | Troll Batrider |
| 17:02 | Watch Tower |
| 17:02 | Watch Tower |
| 17:13 | Watch Tower |
| 17:33 | Healing Wave |
| 18:28 | Staff of Sanctuary |
| 19:15 | Watch Tower |
| 19:16 | Watch Tower |
| 19:19 | Liquid Fire |
| 19:19 | Troll Batrider |
| 19:19 | Troll Batrider |
| 19:24 | Lesser Clarity Potion |
| 19:24 | Staff of Sanctuary |
| 19:28 | Orb of Lightning |
| 19:29 | Watch Tower |
| 19:56 | Critical Strike |
| 20:19 | Healing Salve |
| 20:19 | Lesser Clarity Potion |
| 20:32 | Lesser Clarity Potion |
| 20:37 | Watch Tower |
| 21:55 | Great Hall |
| 22:01 | Great Hall |
| 22:06 | Watch Tower |
| 22:08 | Watch Tower |
| 22:09 | Watch Tower |
| 22:10 | Watch Tower |
| 22:11 | Watch Tower |
| 22:12 | Watch Tower |
| 22:13 | Watch Tower |
| 22:14 | Watch Tower |
| 22:17 | Watch Tower |
| 22:18 | Watch Tower |
| 22:19 | Watch Tower |
| 22:19 | Watch Tower |
| 22:30 | Improved Spiked Barricades |
| 22:36 | Lesser Clarity Potion |
| 22:38 | Healing Salve |
| 22:48 | Lesser Clarity Potion |
| 22:58 | Watch Tower |
| 23:04 | Troll Batrider |
| 23:05 | Troll Batrider |
| 23:05 | Troll Batrider |
| 24:06 | Watch Tower |
| 24:07 | Watch Tower |
| 24:07 | Watch Tower |
| 24:08 | Watch Tower |
| 24:20 | Hex |
| 24:45 | Troll Batrider |
| 24:46 | Troll Batrider |
| 24:46 | Troll Batrider |
| 24:46 | Troll Batrider |
| 24:52 | Steel Ranged Weapons |
| 25:27 | Wind Walk |
| 25:54 | Watch Tower |
| 26:42 | Thorium Ranged Weapons |
| 27:54 | Watch Tower |
| 28:01 | Arcanite Ranged Weapons |
| 28:24 | Healing Wave |
| Right click | 1579 |
| Select group | 773 |
| Chat | 389 |
| Select | 201 |
| Build/train/purchase | 120 |
| Use ability | 79 |
| Misc. action | 66 |
| Minimap ping | 12 |
| Assign group | 11 |
| Item give/drop | 6 |
| Resource trade | 6 |
| Esc | 5 |
BEARAND
(28:42) : 


x1)
| Staff of Sanctuary | 3 | 750 |
| Boots of Speed | 3 | 750 |
| Staff of Teleportation | 3 | 450 |
| Periapt of Vitality | 1 | 325 |
| Tome of Retraining | 1 | 300 |
| Healing Salve | 1 | 100 |
| Orb of Lightning | 2 | 750 |
| total: | 14 | 3425g |
| Peasant | 18 | 1350 | / | 0 |
| Priest | 2 | 270 | / | 20 |
| total: | 20 | 1620g | / | 20w |
| Scout Tower | 59 | 1770 | / | 1180 |
| Arcane Tower | 4 | 280 | / | 200 |
| Guard Tower | 22 | 1540 | / | 1100 |
| Altar of Kings | 1 | 180 | / | 50 |
| Farm | 4 | 320 | / | 80 |
| Lumber Mill | 1 | 120 | / | 0 |
| Arcane Vault | 3 | 390 | / | 90 |
| Town Hall | 1 | 385 | / | 205 |
| Blacksmith | 1 | 140 | / | 60 |
| Barracks | 1 | 160 | / | 60 |
| Arcane Sanctum | 1 | 150 | / | 140 |
| Gryphon Aviary | 1 | 140 | / | 150 |
| Keep | 1 | 320 | / | 210 |
| Castle | 1 | 360 | / | 210 |
| total: | 73 | 3755g | / | 2015w |
| 0:03 | Peasant |
| 0:03 | Peasant |
| 0:09 | Altar of Kings |
| 0:20 | Farm |
| 0:31 | Peasant |
| 0:39 | Farm |
| 0:51 | Peasant |
| 0:51 | Peasant |
| 4:08 | Scout Tower |
| 4:15 | Lumber Mill |
| 4:16 | Peasant |
| 4:18 | Peasant |
| 4:28 | Scout Tower |
| 4:31 | Scout Tower |
| 4:31 | Peasant |
| 4:35 | Peasant |
| 4:38 | Arcane Tower |
| 4:48 | Scout Tower |
| 4:56 | Peasant |
| 5:05 | Summon Water Elemental |
| 5:20 | Peasant |
| 5:21 | Guard Tower |
| 5:32 | Scout Tower |
| 5:32 | Guard Tower |
| 5:51 | Scout Tower |
| 6:05 | Guard Tower |
| 6:08 | Scout Tower |
| 6:09 | Peasant |
| 6:09 | Peasant |
| 6:10 | Peasant |
| 6:25 | Brilliance Aura |
| 6:33 | Improved Masonry |
| 6:41 | Scout Tower |
| 6:42 | Scout Tower |
| 6:54 | Keep |
| 6:57 | Guard Tower |
| 7:04 | Guard Tower |
| 7:21 | Boots of Speed |
| 7:22 | Staff of Teleportation |
| 7:35 | Scout Tower |
| 7:36 | Scout Tower |
| 7:37 | Arcane Vault |
| 7:39 | Healing Salve |
| 8:40 | Town Hall |
| 8:54 | Scout Tower |
| 8:54 | Scout Tower |
| 8:55 | Scout Tower |
| 8:55 | Scout Tower |
| 8:56 | Scout Tower |
| 8:56 | Scout Tower |
| 8:57 | Scout Tower |
| 8:57 | Scout Tower |
| 8:59 | Scout Tower |
| 8:59 | Scout Tower |
| 9:01 | Scout Tower |
| 9:02 | Scout Tower |
| 9:06 | Farm |
| 9:50 | Arcane Tower |
| 9:51 | Guard Tower |
| 10:07 | Summon Water Elemental |
| 10:13 | Guard Tower |
| 10:14 | Guard Tower |
| 10:15 | Peasant |
| 10:15 | Peasant |
| 10:16 | Peasant |
| 10:16 | Peasant |
| 10:48 | Castle |
| 11:06 | Scout Tower |
| 11:07 | Scout Tower |
| 11:08 | Scout Tower |
| 11:24 | Storm Bolt |
| 11:26 | Farm |
| 11:28 | Improved Lumber Harvesting |
| 11:29 | Advanced Masonry |
| 11:40 | Boots of Speed |
| 11:50 | Periapt of Vitality |
| 11:57 | Guard Tower |
| 11:58 | Arcane Tower |
| 11:59 | Guard Tower |
| 12:02 | Guard Tower |
| 12:37 | Guard Tower |
| 12:47 | Arcane Vault |
| 12:51 | Arcane Vault |
| 12:52 | Scout Tower |
| 12:53 | Scout Tower |
| 12:53 | Scout Tower |
| 12:54 | Scout Tower |
| 12:57 | Scout Tower |
| 12:58 | Scout Tower |
| 12:58 | Scout Tower |
| 13:33 | Guard Tower |
| 13:35 | Guard Tower |
| 13:41 | Arcane Sanctum |
| 14:02 | Bash |
| 14:28 | Guard Tower |
| 14:30 | Scout Tower |
| 14:30 | Scout Tower |
| 14:31 | Scout Tower |
| 14:32 | Imbued Masonry |
| 14:33 | Advanced Lumber Harvesting |
| 14:35 | Holy Light |
| 14:36 | Staff of Sanctuary |
| 14:48 | Orb of Lightning |
| 14:56 | Guard Tower |
| 14:57 | Magic Sentry |
| 15:08 | Staff of Teleportation |
| 15:21 | Boots of Speed |
| 15:46 | Priest |
| 15:46 | Priest Adept Training |
| 15:47 | Sorceress Adept Training |
| 15:48 | Priest |
| 16:03 | Brilliance Aura |
| 16:12 | Guard Tower |
| 16:14 | Guard Tower |
| 16:19 | Gryphon Aviary |
| 16:37 | Scout Tower |
| 16:38 | Scout Tower |
| 16:38 | Scout Tower |
| 16:39 | Scout Tower |
| 16:39 | Scout Tower |
| 16:39 | Scout Tower |
| 16:40 | Scout Tower |
| 16:40 | Scout Tower |
| 16:47 | Blacksmith |
| 16:50 | Barracks |
| 16:53 | Tome of Retraining |
| 16:53 | Retrain Hero |
| 17:45 | Staff of Sanctuary |
| 17:47 | Blizzard |
| 17:47 | Brilliance Aura |
| 17:47 | Blizzard |
| 17:48 | Brilliance Aura |
| 18:08 | Staff of Teleportation |
| 18:21 | Divine Shield |
| 18:58 | Storm Bolt |
| 19:01 | Guard Tower |
| 19:25 | Orb of Lightning |
| 20:15 | Staff of Sanctuary |
| 21:04 | Animal War Training |
| 21:06 | Guard Tower |
| 21:08 | Scout Tower |
| 21:08 | Scout Tower |
| 21:08 | Scout Tower |
| 22:12 | Iron Forged Swords |
| 22:12 | Studded Leather Armor |
| 22:12 | Storm Hammers |
| 22:13 | Cloud |
| 23:09 | Scout Tower |
| 23:11 | Scout Tower |
| 23:11 | Scout Tower |
| 23:12 | Scout Tower |
| 23:13 | Scout Tower |
| 23:15 | Guard Tower |
| 23:16 | Scout Tower |
| 23:16 | Scout Tower |
| 23:17 | Scout Tower |
| 23:17 | Scout Tower |
| 23:17 | Scout Tower |
| 23:18 | Scout Tower |
| 23:18 | Scout Tower |
| 24:21 | Holy Light |
| 24:47 | Brilliance Aura |
| 25:40 | Arcane Tower |
| 26:30 | Guard Tower |
| 27:41 | Bash |
| Right click | 2003 |
| Select | 589 |
| Chat | 490 |
| Select group | 320 |
| Build/train/purchase | 153 |
| Use ability | 82 |
| Assign group | 33 |
| Resource trade | 31 |
| Misc. action | 24 |
| Minimap ping | 9 |
| Item give/drop | 5 |
| Remove unit | 2 |
95 units @ 12.9k
/ 2.4k
39 buildings @ 5.2k
/ 2.1k


| Scroll of Healing | 1 | 250 |
| Boots of Speed | 1 | 250 |
| Scroll of Protection | 1 | 150 |
| Potion of Lesser Invulnerability | 1 | 150 |
| total: | 4 | 800g |
| Peasant | 26 | 1950 | / | 0 |
| Footman | 16 | 2160 | / | 0 |
| Mortar Team | 10 | 1800 | / | 700 |
| Gryphon Rider | 6 | 1680 | / | 420 |
| Knight | 1 | 245 | / | 60 |
| total: | 59 | 7835g | / | 1180w |
| Scout Tower | 4 | 120 | / | 80 |
| Arcane Tower | 3 | 210 | / | 150 |
| Guard Tower | 3 | 210 | / | 150 |
| Barracks | 2 | 320 | / | 120 |
| Altar of Kings | 1 | 180 | / | 50 |
| Farm | 9 | 720 | / | 180 |
| Town Hall | 1 | 385 | / | 205 |
| Lumber Mill | 1 | 120 | / | 0 |
| Blacksmith | 2 | 280 | / | 120 |
| Arcane Vault | 1 | 130 | / | 30 |
| Workshop | 1 | 140 | / | 140 |
| Gryphon Aviary | 1 | 140 | / | 150 |
| Keep | 2 | 640 | / | 420 |
| Castle | 1 | 360 | / | 210 |
| total: | 23 | 2535g | / | 1075w |
| 0:04 | Peasant |
| 0:07 | Barracks |
| 0:09 | Barracks |
| 0:12 | Altar of Kings |
| 0:13 | Peasant |
| 0:19 | Farm |
| 0:26 | Peasant |
| 0:26 | Peasant |
| 0:42 | Peasant |
| 0:53 | Peasant |
| 2:51 | Farm |
| 4:01 | Peasant |
| 4:13 | Footman |
| 4:17 | Peasant |
| 4:28 | Footman |
| 4:36 | Peasant |
| 4:36 | Peasant |
| 4:52 | Farm |
| 4:57 | Footman |
| 4:57 | Footman |
| 5:06 | Peasant |
| 5:13 | Summon Water Elemental |
| 5:32 | Peasant |
| 5:33 | Footman |
| 6:09 | Scout Tower |
| 6:14 | Footman |
| 6:24 | Town Hall |
| 6:36 | Lumber Mill |
| 6:39 | Peasant |
| 6:47 | Scout Tower |
| 7:02 | Brilliance Aura |
| 7:07 | Farm |
| 7:12 | Arcane Tower |
| 7:32 | Peasant |
| 7:32 | Peasant |
| 8:00 | Scout Tower |
| 8:04 | Peasant |
| 8:05 | Footman |
| 8:22 | Peasant |
| 8:30 | Arcane Tower |
| 9:08 | Keep |
| 9:13 | Peasant |
| 9:13 | Peasant |
| 9:13 | Peasant |
| 9:17 | Guard Tower |
| 9:23 | Footman |
| 9:35 | Peasant |
| 9:53 | Footman |
| 9:59 | Scout Tower |
| 10:02 | Farm |
| 10:10 | Peasant |
| 10:11 | Peasant |
| 10:31 | Blacksmith |
| 10:34 | Blacksmith |
| 10:50 | Guard Tower |
| 11:11 | Arcane Vault |
| 11:19 | Peasant |
| 11:29 | Castle |
| 11:51 | Summon Water Elemental |
| 12:02 | Black Gunpowder |
| 12:08 | Peasant |
| 12:48 | Farm |
| 12:53 | Workshop |
| 13:02 | Peasant |
| 13:06 | Gryphon Aviary |
| 13:21 | Storm Bolt |
| 13:31 | Farm |
| 13:33 | Footman |
| 14:00 | Mortar Team |
| 14:09 | Farm |
| 14:12 | Studded Leather Armor |
| 14:32 | Improved Lumber Harvesting |
| 14:34 | Storm Hammers |
| 14:44 | Footman |
| 14:46 | Mortar Team |
| 15:05 | Mortar Team |
| 15:06 | Fragmentation Shards |
| 15:08 | Footman |
| 15:10 | Gryphon Rider |
| 15:27 | Gryphon Rider |
| 15:29 | Mortar Team |
| 15:31 | Footman |
| 15:34 | Boots of Speed |
| 15:35 | Scroll of Healing |
| 15:36 | Scroll of Protection |
| 15:36 | Potion of Lesser Invulnerability |
| 15:47 | Mortar Team |
| 15:55 | Footman |
| 15:57 | Iron Plating |
| 16:17 | Footman |
| 16:21 | Farm |
| 16:42 | Mortar Team |
| 16:43 | Gryphon Rider |
| 16:52 | Refined Gunpowder |
| 17:17 | Footman |
| 17:19 | Mortar Team |
| 17:21 | Gryphon Rider |
| 17:47 | Mortar Team |
| 18:14 | Mortar Team |
| 18:40 | Knight |
| 18:42 | Gryphon Rider |
| 18:55 | Mortar Team |
| 18:55 | Gryphon Rider |
| 19:15 | Imbued Gunpowder |
| Right click | 1786 |
| Select | 433 |
| Chat | 355 |
| Build/train/purchase | 134 |
| Misc. action | 34 |
| Select group | 30 |
| Assign group | 20 |
| Minimap ping | 11 |
| Use ability | 5 |
| Remove unit | 2 |


| Moonstone | 1 | 50 |
| Scroll of Town Portal | 1 | 350 |
| total: | 2 | 400g |
| Wisp | 13 | 780 | / | 0 |
| Archer | 7 | 910 | / | 70 |
| Dryad | 5 | 725 | / | 300 |
| Druid of the Claw | 7 | 1785 | / | 560 |
| Glaive Thrower | 4 | 840 | / | 260 |
| total: | 36 | 5040g | / | 1190w |
| Altar of Elders | 2 | 360 | / | 100 |
| Moon Well | 8 | 1440 | / | 320 |
| Ancient of War | 1 | 150 | / | 60 |
| Ancient of Wonders | 1 | 90 | / | 30 |
| Hunter's Hall | 1 | 210 | / | 100 |
| Ancient of Lore | 3 | 465 | / | 435 |
| Tree of Ages | 1 | 320 | / | 180 |
| Tree of Eternity | 1 | 330 | / | 200 |
| total: | 16 | 2715g | / | 1045w |
| 0:07 | Altar of Elders |
| 0:09 | Moon Well |
| 0:11 | Wisp |
| 0:12 | Altar of Elders |
| 0:25 | Wisp |
| 0:28 | Ancient of War |
| 0:40 | Wisp |
| 0:50 | Wisp |
| 4:05 | Wisp |
| 4:22 | Wisp |
| 4:27 | Archer |
| 4:27 | Archer |
| 4:37 | Moon Well |
| 4:42 | Wisp |
| 4:53 | Archer |
| 4:53 | Archer |
| 5:14 | Shadow Strike |
| 5:29 | Archer |
| 5:36 | Wisp |
| 5:36 | Wisp |
| 6:12 | Moon Well |
| 6:21 | Tree of Ages |
| 6:47 | Ancient of Wonders |
| 6:57 | Hunter's Hall |
| 7:22 | Archer |
| 7:22 | Archer |
| 7:26 | Fan of Knives |
| 7:56 | Moonstone |
| 8:20 | Ultravision |
| 8:26 | Moon Well |
| 8:42 | Wisp |
| 8:42 | Wisp |
| 8:45 | Ancient of Lore |
| 8:48 | Ancient of Lore |
| 9:18 | Ancient of Lore |
| 10:20 | Dryad |
| 10:22 | Wisp |
| 10:22 | Wisp |
| 10:33 | Moon Well |
| 10:55 | Dryad |
| 10:55 | Abolish Magic |
| 10:59 | Druid of the Claw Adept Training |
| 11:28 | Scroll of Town Portal |
| 11:37 | Druid of the Claw |
| 11:48 | Blink |
| 11:51 | Trueshot Aura |
| 12:07 | Tree of Eternity |
| 12:41 | Druid of the Claw |
| 12:48 | Druid of the Claw |
| 13:00 | Moon Well |
| 13:37 | Strength of the Wild |
| 13:55 | Druid of the Claw |
| 14:28 | Druid of the Claw Master Training |
| 14:53 | Searing Arrows |
| 15:05 | Dryad |
| 15:22 | Mark of the Claw |
| 15:23 | Dryad |
| 15:30 | Reinforced Hides |
| 15:45 | Moon Well |
| 16:09 | Moon Well |
| 16:40 | Dryad |
| 17:20 | Improved Strength of the Wild |
| 18:36 | Druid of the Claw |
| 18:36 | Druid of the Claw |
| 20:30 | Glaive Thrower |
| 20:30 | Glaive Thrower |
| 22:57 | Glaive Thrower |
| 22:57 | Glaive Thrower |
| 23:00 | Druid of the Claw |
| Right click | 654 |
| Select group | 326 |
| Select | 318 |
| Build/train/purchase | 86 |
| Chat | 82 |
| Misc. action | 33 |
| Assign group | 32 |
| Use ability | 12 |
| Remove unit | 2 |
| Minimap ping | 2 |